 Dungeon Crawl Stone Soup version 0.27-a0-12-g5dcdf963e0 (webtiles) character file.

Game seed: 9259786980247933257

92033 Krisvor the Geomancer (level 16, -2/96 HPs)
             Began as a Gargoyle Earth Elementalist on Jan 2, 2021.
             Was the Champion of Vehumet.
             Killed from afar by an elephant (10 damage)
             ... with an exploding inner flame
             ... on level 6 of the Lair of Beasts.
             The game lasted 01:03:55 (24827 turns).

Krisvor the Geomancer (GrEE)                       Turns: 24827, Time: 01:03:56

Health: -2/96      AC: 29    Str: 29    XL:     16   Next: 4%
Magic:  47/47      EV: 19    Int: 26    God:    Vehumet [******]
Gold:   1638       SH:  0    Dex: 10    Spells: 14/34 levels left

rFire    + . .     SeeInvis .   s - +6 quarterstaff of Harmony {vorpal, Str+5 Int+6 Stlth-}
rCold    + + .     Faith    .   (shield currently unavailable)
rNeg     + + .     Spirit   .   a - +2 leather armour of Reasonable Salvation {rF+ rN+}
rPois    ∞         Reflect  .   (helmet restricted)
rElec    +         Harm     .   P - +2 cloak "Aropuo" {*Contam *Drain Regen+ rCorr Str+9}
rCorr    +         Rampage  .   R - +2 pair of gloves {Str+3}
Will     +....                  A - +2 pair of boots
Stlth    +.........             y - amulet of the acrobat
HPRegen  0.66/turn              M - ring of magical power
MPRegen  0.30/turn              V - ring of Wemefu {rC++ MP+9 EV+4 Int-3 Slay+3}

@: flying
A: big wings, horns 1, icy blue scales 1, blink, negative energy resistance 1,
electricity resistance, unbreathing, petrification resistance, miasma immunity,
AC +12
a: Stop Flying, Blink, Renounce Religion


You were on level 6 of the Lair of Beasts.
You worshipped Vehumet.
Vehumet was exalted by your worship.
You visited 3 branches of the dungeon, and saw 22 of its levels.
You also visited: Gauntlet, Ice Cave and Volcano.

You collected 1708 gold pieces.
You spent 70 gold pieces at shops.

Inventory:

Hand Weapons
 p - a cursed +5 morningstar of electrocution
 s - the +6 quarterstaff of Harmony (weapon) {vorpal, Str+5 Int+6 Stlth-}
   (You found it on level 13 of the Dungeon)

   It inflicts extra damage upon your enemies.
   It affects your strength (+5).
   It affects your intelligence (+6).
   It makes you less stealthy.
 x - the +11 rapier of the Jester {elec, rElec rN++ Int-4 SInv}
   (You found it on level 7 of the Dungeon)

   Occasionally, upon striking a foe, it can discharge electrical energy and
   cause terrible harm.
   It affects your intelligence (-4).
   It insulates you from electricity.
   It greatly protects you from negative energy.
   It lets you see invisible.
Missiles
 b - 692 stones (quivered)
 C - a throwing net
Armour
 a - the +2 leather armour of Reasonable Salvation (worn) {rF+ rN+}
   (You found it on level 4 of the Dungeon)

   It protects you from fire.
   It protects you from negative energy.
 A - a +2 pair of boots (worn)
 B - +0 steam dragon scales
 J - a +2 helmet of intelligence
 P - the +2 cloak "Aropuo" (worn) {*Contam *Drain Regen+ rCorr Str+9}
   (You found it in a Gauntlet)

   It affects your strength (+9).
   It causes magical contamination when unequipped.
   It increases your rate of regeneration.
   It provides partial protection from all sources of acid and corrosion.
   It causes draining when unequipped.
 R - a +2 pair of gloves of strength (worn)
Jewellery
 m - a +4 ring of evasion
 n - a +4 ring of evasion
 u - a +6 ring of strength
 y - an amulet of the acrobat (around neck)
 M - a ring of magical power (left hand)
 V - the ring of Wemefu (right hand) {rC++ MP+9 EV+4 Int-3 Slay+3}
   (You found it on level 5 of the Lair of Beasts)

   [ring of evasion]

   It affects your evasion (+4).
   It affects your intelligence (-3).
   It affects your accuracy and damage with ranged weapons and melee attacks
   (+3).
   It greatly protects you from cold.
   It affects your magic capacity (+9).
Wands
 h - a wand of random effects (39)
 o - a wand of paralysis (22)
 w - a wand of enslavement (33)
 z - a wand of digging (2)
 D - a wand of disintegration (15)
 L - a wand of polymorph (18)
 S - a wand of iceblast (15)
Scrolls
 c - 3 scrolls of fog
 d - 16 scrolls of remove curse
 e - 7 scrolls of amnesia
 g - 12 scrolls of teleportation
 j - 11 scrolls of identify
 k - 5 scrolls of fear
 E - 4 scrolls of summoning
 G - 3 scrolls of enchant weapon
 H - 3 scrolls of immolation
 T - a scroll of magic mapping
Potions
 f - 2 potions of might
 i - 3 potions of curing
 q - 8 potions of lignification
 r - 2 potions of berserk rage
 t - a potion of heal wounds
 v - 9 potions of brilliance
 F - 2 potions of invisibility
 N - 4 potions of resistance
 O - 3 potions of mutation
 Q - 2 potions of cancellation
 U - a potion of magic
 X - a potion of haste
Miscellaneous
 l - a condenser vane
 I - a box of beasts
 K - a tin of tremorstones (2/2)
 W - a phantom mirror


   Skills:
 + Level 9.7 Fighting
 - Level 10.0 Short Blades
 + Level 9.0 Maces & Flails
 - Level 6.0 Armour
 + Level 7.7 Dodging
 - Level 2.1 Stealth
 + Level 9.8 Spellcasting
 + Level 11.4 Conjurations
 - Level 0.7 Transmutations
 * Level 7.7 Fire Magic
 + Level 12.6 Earth Magic
 + Level 6.9 Evocations


You had 14 spell levels left.
You knew the following spells:

 Your Spells              Type           Power        Failure   Level
a - Sandblast             Erth           100%         1%          1
b - Stone Arrow           Conj/Erth      100%         1%          3
c - Lee's Rapid Deconstr  Erth           34%          1%          5
d - Iron Shot             Conj/Erth      33%          1%          6
e - Bolt of Magma         Conj/Fire/Erth 30%          1%          5

Your spell library contained the following spells:

 Spells                   Type           Power        Failure   Level
 Freezing Cloud           Conj/Ice/Air   16%          38%         6
 Foxfire                  Conj/Fire      100%         1%          1
 Freeze                   Ice            48%          1%          1
 Magic Dart               Conj           100%         1%          1
 Passwall                 Tmut/Erth      39%          1%          2
 Conjure Flame            Conj/Fire      58%          1%          3
 Inner Flame              Hex/Fire       32%          1%          3
 Mephitic Cloud           Conj/Pois/Air  32%          1%          3
 Hailstorm                Conj/Ice       42%          1%          4
 Sticky Flame             Conj/Fire      58%          1%          4
 Fireball                 Conj/Fire      29%          1%          5
 Beastly Appendage        Tmut           32%          3%          1
 Petrify                  Tmut/Erth      47%          3%          4
 Frozen Ramparts          Ice            24%          4%          3
 Summon Small Mammal      Summ           48%          5%          1
 Blink                    Tloc           N/A          8%          2
 Call Imp                 Summ           12%          8%          2
 Slow                     Hex            12%          8%          2
 Spider Form              Tmut/Pois      7%           14%         3
 Call Canine Familiar     Summ           12%          16%         3
 Ozocubu's Armour         Ice            12%          16%         3
 Cause Fear               Hex            6%           45%         4
 Summon Ice Beast         Ice/Summ       12%          45%         4
 Lehudib's Crystal Spear  Conj/Erth      33%          50%         8
 Metabolic Englaciation   Hex/Ice        6%           82%         5
 Summon Mana Viper        Hex/Summ       12%          82%         5
 Chain Lightning          Conj/Air       21%          99%         8
 Summon Hydra             Summ           6%           100%        7
 Absolute Zero            Ice            6%           100%        9
 Dragon's Call            Summ           6%           100%        9
 Fire Storm               Conj/Fire      29%          100%        9


Dungeon Overview and Level Annotations

Branches:
Dungeon (15/15)            Temple (1/1) D:6            Lair (6/6) D:11
 Shoals (0/4) Lair:3        Snake (0/4) Lair:4        Slime (0/5) Lair:5
    Orc (0/2) D:11         Vaults (0/5) D:14         Depths (0/5) D:15
  IceCv (visited)         Volcano (visited)         Gauntlet (visited)

Altars:
Ashenzari
Cheibriados
Dithmenos
Elyvilon
Fedhas
Gozag
Hepliaklqana
Kikubaaqudgha
Makhleb
Nemelex Xobeh
Okawaru
Qazlal
Ru
Sif Muna
Trog
Uskayaw
Vehumet
Wu Jian
Xom
Yredelemnul
Zin
The Shining One

Shops:
D:6 *   D:8 *   D:12 [

Portals:
Trove: D:12 (give 7 scrolls of fear)

Annotations:
D:8 exclusion: oklob sapling
Lair:2 1 runed translucent door, rossy's ghost, journeyman TrBe


Innate Abilities, Weirdness & Mutations

You are resistant to torment.
Your stone body is resilient. (AC +12)
You are immune to poison.
Your large and strong wings let you fly indefinitely.
You resist negative energy. (rN+)
You are resistant to electric shocks. (rElec)
You can survive without breathing.
You are immune to petrification.
You are immune to miasma.
You have a pair of small horns on your head.
You are partially covered in icy blue scales. (AC +2)
You can translocate small distances at will.


Message History

The fiery explosion engulfs the yak!!
Flame seeps out of the yak.
The yak is almost dead.
The yak explodes!
The fiery explosion engulfs the yak!!
Vehumet accepts your kill.
The yak explodes!
The komodo dragon explodes!
The fiery explosion engulfs the bush!!
The bush is on fire!
The bush is severely damaged.
The fiery explosion engulfs the elephant!!!
Vehumet accepts your kill.
The fiery explosion engulfs the water moccasin!!
Vehumet accepts your kill.
The water moccasin explodes!
The fiery explosion engulfs the bush!!!
The bush is on fire!
You destroy the bush!
The fiery explosion engulfs the bush!!
The bush is on fire!
The bush is moderately damaged.
The elephant explodes!
The fiery explosion engulfs you! You resist.
You die...

........#........≈≈
...?....##......≈##
.......<...§§.<.≈..
..##.....##○§§§.≈≈≈
#.......#§○.#..≈≈
...#......§§§§§..##
........§#§○§○§≈:#
.........§§§○§P.≈≈≈
........§§@§§§...≈≈
.............P.}...
...#....PP.?.≈.#
.........P.#..≈≈
...P#........≈≈≈
............^.##
..............#
..............≈


There were no monsters in sight!

Vanquished Creatures
  A frost giant (IceCv)
  Nessos (D:12)
  A minotaur (Gauntlet)
  A fire dragon (D:15)
  An ogre mage (D:15)
  A rakshasa (D:15)
  2 hydras (Lair:3)
  2 boulder beetles
  A ghost crab (Gauntlet)
  4 centaur warriors (D:15)
  14 two-headed ogres
  12 death yaks
  A tengu warrior (D:14)
  Urug (Lair:1)
  Sonja (Lair:4)
  3 skeletal warriors (D:15)
  An unseen horror (D:14)
  A glowing orange brain (D:15)
  A lindwurm (Lair:3)
  2 necromancers (D:14)
  An orb spider (shapeshifter) (D:15)
  3 cyclopes
  4 oklob plants
  4 deep elf magi
  16 ugly things
  A wolf spider (D:15)
  2 elephants (Lair:6)
  A salamander (Volcano)
  A centaur zombie (D:12)
  An ice statue (IceCv)
  Psyche (D:9)
  A torpor snail (shapeshifter) (D:15)
  4 gargoyles
  A kobold demonologist (D:13)
  9 cane toads
  Maggie (D:9)
  3 rime drakes
  An efreet (D:15)
  13 komodo dragons
  6 trolls
  A jumping spider (shapeshifter) (D:15)
  12 polar bears
  13 slime creatures
  A raiju (shapeshifter) (Gauntlet)
  4 blink frogs (Lair:5)
  2 hornets (Gauntlet)
  A meliai zombie (D:14)
  2 shadows (D:14)
  A wyvern (shapeshifter) (D:14)
  2 dire elephant simulacra (Lair:3)
  2 spriggans (Lair:2)
  74 yaks
  A spriggan (shapeshifter) (D:15)
  8 wyverns
  4 wraiths
  A steam dragon (D:14)
  2 fire bats (Volcano)
  2 basilisks
  Grum (D:11)
  5 vampire mosquitoes
  A hydra simulacrum (Lair:3)
  2 hell hounds (Volcano)
  A soldier ant (D:15)
  10 water moccasins
  6 orc warriors
  6 ice beasts
  A sky beast (D:11)
  An eye of draining (D:12)
  4 phantoms
  6 black bears
  A necrophage (D:6)
  8 ogres
  30 wolves
  21 centaurs
  4 big kobolds
  32 bullfrogs
  2 wyvern zombies
  3 scorpions
  13 killer bees
  14 howler monkeys
  16 wights
  2 electric eels
  A quasit (D:6)
  2 bullfrog zombies
  4 jellies
  14 orc priests
  4 bullfrog skeletons
  7 hounds
  Crazy Yiuf (D:3)
  A water moccasin simulacrum (Lair:3)
  7 centaur skeletons
  3 iguanas
  8 orc wizards
  16 worker ants
  2 yak simulacra (Lair:3)
  A bullfrog simulacrum (Lair:3)
  The ghost of rlgrobin the Sneak, a weakling KoDe (D:5)
  A hound skeleton (D:5)
  3 worker ant zombies
  13 adders
  A shadow imp (D:10)
  16 white imps
  2 ufetubi
  An adder skeleton (D:4)
  An adder zombie (D:6)
  A worm (D:3)
  7 dart slugs
  6 leopard geckos
  51 orcs
  2 giant cockroaches (D:1)
  10 goblins
  4 hobgoblins
  10 jackals
  28 kobolds
  4 quokkas
  7 ball pythons
  6 bats
  9 frilled lizards
  A quokka zombie (D:5)
  5 rats
  A bush (Lair:6)
  A butterfly (D:6)
712 creatures vanquished.

Vanquished Creatures (collateral kills)
  A killer bee (D:7)
1 creature vanquished.

Vanquished Creatures (others)
  A two-headed ogre (Volcano)
  A tengu conjurer (D:15)
  A polar bear (IceCv)
  4 wolves (IceCv)
  12 fungi
  92 plants
111 creatures vanquished.

Grand Total: 824 creatures vanquished

Notes
Turn   | Place    | Note
-------+----------+-------------------------------------------
     0 | D:1      | Krisvor the Gargoyle Earth Elementalist began the quest for
                  | the Orb.
     0 | D:1      | Reached XP level 1. HP: 10/10 MP: 3/3
   455 | D:1      | Reached XP level 2. HP: 15/15 MP: 5/5
   483 | D:1      | Reached skill level 4 in Earth Magic
  1064 | D:1      | Reached XP level 3. HP: 19/19 MP: 6/6
  1068 | D:1      | Learned a level 3 spell: Stone Arrow
  1419 | D:2      | Found a faded altar of an unknown god.
  1663 | D:2      | Reached XP level 4. HP: 17/24 MP: 8/8
  2081 | D:3      | Gained mutation: You are partially covered in icy blue
                  | scales. (AC +2) [potion of mutation]
  2081 | D:3      | Gained mutation: You are frail. (-10% HP) [potion of
                  | mutation]
  2081 | D:3      | Gained mutation: You are strong-willed. (Will+) [potion of
                  | mutation]
  2082 | D:3      | Lost mutation: You are strong-willed. (Will+) [potion of
                  | mutation]
  2082 | D:3      | Lost mutation: You are partially covered in icy blue
                  | scales. (AC +2) [potion of mutation]
  2082 | D:3      | Lost mutation: You are frail. (-10% HP) [potion of
                  | mutation]
  2082 | D:3      | Gained mutation: Your spells are a little easier to cast,
                  | but a little less powerful. [potion of mutation]
  2082 | D:3      | Gained mutation: You are partially covered in yellow
                  | scales. (AC +2) [potion of mutation]
  2082 | D:3      | Gained mutation: You are mostly covered in yellow scales.
                  | (AC +3) [potion of mutation]
  2082 | D:3      | Gained mutation: You have a pair of small horns on your
                  | head. [potion of mutation]
  2083 | D:3      | Lost mutation: You are mostly covered in yellow scales. (AC
                  | +3) [potion of mutation]
  2083 | D:3      | Lost mutation: You have a pair of small horns on your head.
                  | [potion of mutation]
  2083 | D:3      | Gained mutation: Potions are less effective at restoring
                  | your health. [potion of mutation]
  2083 | D:3      | Lost mutation: Your spells are a little easier to cast, but
                  | a little less powerful. [potion of mutation]
  2101 | D:3      | Reached skill level 5 in Earth Magic
  2433 | D:3      | You fall into a shaft and drop 3 floors!
  2434 | D:6      | Noticed a bullfrog
  2437 | D:6      | Killed a bullfrog
  2438 | D:6      | Reached XP level 5. HP: 28/28 MP: 6/10
  2532 | D:6      | Noticed a necrophage
  2618 | D:6      | Noticed a phantom
  2639 | D:6      | Killed a phantom
  2640 | D:6      | Reached skill level 6 in Earth Magic
  2640 | D:6      | Reached XP level 6. HP: 25/32 MP: 3/12
  2708 | D:6      | Killed a necrophage
  2905 | D:6      | Reached skill level 7 in Earth Magic
  2905 | D:6      | Reached XP level 7. HP: 36/36 MP: 2/14
  3011 | D:5      | Entered Level 5 of the Dungeon
  3163 | D:3      | Reached skill level 5 in Spellcasting
  3475 | D:3      | Found a runed translucent door.
  3476 | D:3      | Noticed Crazy Yiuf
  3642 | D:3      | Killed Crazy Yiuf
  3968 | D:4      | Learned a level 5 spell: Lee's Rapid Deconstruction
  4075 | D:4      | Got a slimy leather armour
  4085 | D:4      | Identified the +2 leather armour of Reasonable Salvation
                  | {rF+ rN+} (You found it on level 4 of the Dungeon)
  4105 | D:4      | Reached skill level 1 in Conjurations
  4118 | D:4      | Found a glowing golden altar of the Shining One.
  4639 | D:5      | Lost mutation: You are partially covered in yellow scales.
                  | (AC +2) [potion of mutation]
  4639 | D:5      | Lost mutation: Potions are less effective at restoring your
                  | health. [potion of mutation]
  4639 | D:5      | Gained mutation: You occasionally shout uncontrollably at
                  | your foes. [potion of mutation]
  4639 | D:5      | Gained mutation: Your flesh is heat resistant. (rF+)
                  | [potion of mutation]
  4710 | D:5      | Reached skill level 5 in Conjurations
  4710 | D:5      | Reached XP level 8. HP: 35/41 MP: 2/15
  4850 | D:5      | Found a runed translucent gate.
  4851 | D:5      | Found a runed translucent gate.
  4852 | D:5      | Found a runed translucent gate.
  4854 | D:5      | Noticed rlgrobin's ghost (weakling KoDe)
  4887 | D:5      | Killed rlgrobin's ghost
  4895 | D:5      | Reached skill level 1 in Fighting
  5002 | D:5      | Reached skill level 1 in Maces & Flails
  5002 | D:5      | Reached skill level 1 in Armour
  5566 | D:5      | Found a glowing golden altar of the Shining One.
  5695 | D:6      | Found Xeufraul's General Store.
  5698 | D:6      | Bought a potion of heal wounds for 70 gold pieces
  5736 | D:6      | Reached XP level 9. HP: 45/48 MP: 6/17
  5968 | D:6      | Found a sparkling altar of Nemelex Xobeh.
  6063 | D:6      | Reached skill level 8 in Earth Magic
  6122 | D:6      | Found a staircase to the Ecumenical Temple.
  6152 | Temple   | Entered the Ecumenical Temple
  6272 | Temple   | Became a worshipper of Vehumet
  6476 | D:6      | Found a snail-covered altar of Cheibriados.
  6554 | D:6      | Found a basalt altar of Yredelemnul.
  6837 | D:6      | Paralysed by an orc for 6 turns
  7113 | D:7      | Reached * piety under Vehumet
  7113 | D:7      | Offered knowledge of Shock by Vehumet.
  7482 | D:7      | Found an iron altar of Okawaru.
  7485 | D:7      | Got a polished rapier
  7502 | D:7      | Identified the +11 rapier of the Jester {elec, rElec rN++
                  | Int-4 SInv} (You found it on level 7 of the Dungeon)
  7682 | D:8      | Found Niexa's Mass Market.
  7846 | D:8      | Found a blossoming altar of Fedhas.
  7848 | D:8      | Identified the Compendium of Nature
  7909 | D:8      | Noticed a two-headed ogre
  7922 | D:8      | Killed a two-headed ogre
  7923 | D:8      | Reached XP level 10. HP: 12/56 MP: 13/19
  8745 | D:9      | Reached skill level 9 in Earth Magic
  8819 | D:9      | Reached ** piety under Vehumet
  8819 | D:9      | Offered knowledge of Magic Dart by Vehumet.
  8953 | D:9      | Noticed Maggie
  8979 | D:9      | Killed Maggie
  9140 | D:9      | Found a burning altar of Makhleb.
  9156 | D:9      | Offered knowledge of Static Discharge by Vehumet.
  9333 | D:9      | Reached *** piety under Vehumet
  9418 | D:9      | Reached skill level 1 in Short Blades
  9463 | D:9      | Noticed Psyche
  9470 | D:9      | Killed Psyche
  9672 | D:10     | Entered Level 10 of the Dungeon
  9672 | D:10     | Noticed a two-headed ogre
  9682 | D:10     | Killed a two-headed ogre
  9683 | D:10     | Reached XP level 11. HP: 49/62 MP: 16/21
  9769 | D:10     | Offered knowledge of Hailstorm by Vehumet.
  9917 | D:10     | Reached skill level 5 in Short Blades
  9931 | D:10     | Noticed a cyclops
  9947 | D:10     | Killed a cyclops
 10140 | D:10     | Reached **** piety under Vehumet
 10396 | D:10     | Found a sparkling altar of Nemelex Xobeh.
 10545 | D:10     | Offered knowledge of Iskenderun's Battlesphere by Vehumet.
 11264 | D:11     | Noticed a death yak
 11273 | D:11     | Noticed a death yak
 11275 | D:11     | Noticed a death yak
 11279 | D:11     | Noticed a death yak
 11281 | D:11     | Noticed a death yak
 11283 | D:11     | Noticed a death yak
 11284 | D:11     | Noticed a death yak
 11631 | D:11     | Killed a death yak
 11635 | D:11     | Killed a death yak
 11906 | D:11     | Killed a death yak
 11907 | D:11     | Reached XP level 12. HP: 48/68 MP: 18/22
 11910 | D:11     | Killed a death yak
 11911 | D:11     | Reached skill level 10 in Short Blades
 11911 | D:11     | Reached skill level 5 in Fighting
 11911 | D:11     | Reached skill level 1 in Evocations
 11912 | D:11     | Killed a death yak
 11913 | D:11     | Reached skill level 5 in Armour
 11913 | D:11     | Killed a death yak
 11913 | D:11     | Reached ***** piety under Vehumet
 11917 | D:11     | Killed a death yak
 12138 | D:11     | Found a staircase to the Lair.
 12168 | D:11     | Offered knowledge of Iron Shot by Vehumet.
 12222 | D:11     | Learned a level 6 spell: Iron Shot
 12237 | D:11     | Noticed Grum
 12239 | D:11     | Killed Grum
 12240 | D:11     | Reached skill level 5 in Maces & Flails
 12521 | D:11     | Found a white marble altar of Elyvilon.
 12545 | D:11     | Found a staircase to the Orcish Mines.
 13362 | D:12     | Noticed a two-headed ogre
 13375 | D:12     | Killed a two-headed ogre
 13376 | D:12     | Reached skill level 10 in Earth Magic
 13401 | D:12     | Reached skill level 5 in Dodging
 13547 | D:12     | Found a portal to a secret trove of treasure.
 13584 | D:12     | Found Yrchof's Armour Boutique.
 13746 | D:12     | Noticed Nessos
 13752 | D:12     | Killed Nessos
 13811 | D:12     | Reached XP level 13. HP: 48/74 MP: 17/24
 14178 | D:13     | Found a frozen archway.
 14186 | D:13     | Offered knowledge of Bolt of Magma by Vehumet.
 14271 | IceCv    | Entered an ice cave
 14272 | IceCv    | Lost mutation: You occasionally shout uncontrollably at
                  | your foes. [potion of mutation]
 14272 | IceCv    | Lost mutation: Your flesh is heat resistant. (rF+) [potion
                  | of mutation]
 14272 | IceCv    | Gained mutation: You are partially covered in icy blue
                  | scales. (AC +2) [potion of mutation]
 14272 | IceCv    | Gained mutation: You can translocate small distances at
                  | will. [potion of mutation]
 14272 | IceCv    | Gained mutation: You have a pair of small horns on your
                  | head. [potion of mutation]
 14965 | IceCv    | Learned a level 5 spell: Bolt of Magma
 15348 | IceCv    | Noticed a frost giant
 15363 | IceCv    | Killed a frost giant
 15771 | D:13     | Identified the +6 quarterstaff of Harmony {vorpal, Str+5
                  | Int+6 Stlth-} (You found it on level 13 of the Dungeon)
 15774 | D:13     | Reached skill level 11 in Earth Magic
 16103 | D:14     | Found a shadowy altar of Dithmenos.
 16180 | D:14     | Found a gate leading to a gauntlet.
 16186 | Gauntlet | Entered a Gauntlet
 16186 | Gauntlet | Found a transporter.
 16186 | Gauntlet | Found a transporter.
 16481 | Gauntlet | Found a transporter.
 16485 | Gauntlet | Found a transporter.
 16493 | Gauntlet | Found a transporter.
 16497 | Gauntlet | Found a transporter.
 16508 | Gauntlet | Found a transporter.
 16520 | Gauntlet | Found a runed translucent door.
 16521 | Gauntlet | Found a transporter.
 16522 | Gauntlet | Found a runed translucent door.
 16535 | Gauntlet | Found a transporter.
 16539 | Gauntlet | Found a transporter.
 16540 | Gauntlet | Found a runed translucent door.
 16550 | Gauntlet | Found a transporter.
 16551 | Gauntlet | Found a transporter.
 16762 | Gauntlet | Reached skill level 1 in Fire Magic
 16863 | Gauntlet | Got a faintly glowing cloak
 16867 | Gauntlet | Reached skill level 10 in Conjurations
 16883 | Gauntlet | Identified the +2 cloak "Aropuo" {*Contam *Drain Regen+
                  | rCorr Str+9} (You found it in a Gauntlet)
 16934 | Gauntlet | Identified the +7 glaive of Huview {elec, SInv}
 16934 | Gauntlet | Identified the cursed +0 acid dragon scales "Virr" {rPois
                  | rCorr Int+5}
 16934 | Gauntlet | Noticed a minotaur
 16938 | Gauntlet | Killed a minotaur
 16939 | Gauntlet | Gained mutation: Your large and strong wings let you fly
                  | indefinitely. [Gargoyle growth]
 16939 | Gauntlet | Reached XP level 14. HP: 68/83 MP: 6/26
 16964 | Gauntlet | Identified the Collected Works on Supportive Beguiling
 16966 | Gauntlet | Identified the +2 robe of the Pits of Slime {rPois Dex+2}
                  | (You found it in a Gauntlet)
 17078 | D:14     | Reached skill level 5 in Evocations
 17335 | D:14     | You fall into a shaft and drop 1 floor!
 17335 | D:15     | Entered Level 15 of the Dungeon
 17493 | D:15     | Offered knowledge of Ozocubu's Refrigeration by Vehumet.
 17964 | D:14     | Found a gate to the Vaults.
 18184 | D:14     | You fall into a shaft and drop 1 floor!
 18517 | D:15     | Reached skill level 5 in Fire Magic
 18672 | D:15     | Reached XP level 15. HP: 89/89 MP: 17/28
 18871 | D:15     | Reached skill level 12 in Earth Magic
 18991 | D:15     | Offered knowledge of Freezing Cloud by Vehumet.
 19081 | D:15     | Found a staircase to the Depths.
 19223 | D:15     | Found a radiant altar of Vehumet.
 19644 | Lair:1   | Entered Level 1 of the Lair of Beasts
 19748 | Lair:1   | Noticed Urug
 19753 | Lair:1   | Killed Urug
 20504 | Lair:2   | Found a runed translucent door.
 20579 | Lair:2   | Noticed rossy's ghost (journeyman TrBe)
 20602 | Lair:2   | Found an ancient bone altar of Kikubaaqudgha.
 21444 | Lair:3   | Found a transporter.
 21484 | Lair:3   | Found a staircase to the Shoals.
 21671 | Lair:3   | Found a dark tunnel.
 21687 | Volcano  | Entered a volcano
 22140 | Lair:3   | Found a transporter.
 22891 | Lair:4   | Found a staircase to the Snake Pit.
 22894 | Lair:4   | Noticed Sonja
 22896 | Lair:4   | Killed Sonja
 22917 | Lair:4   | Identified the +2 scimitar of Denipoph {vorpal, *Noise
                  | Fragile rN+++ Int+4} (You found it on level 4 of the Lair
                  | of Beasts)
 23008 | Lair:4   | Reached ****** piety under Vehumet
 23838 | Lair:5   | Got a fine lead ring
 23840 | Lair:5   | Identified the ring of Wemefu {rC++ MP+9 EV+4 Int-3 Slay+3}
                  | (You found it on level 5 of the Lair of Beasts)
 24081 | Lair:5   | Found a staircase to the Slime Pits.
 24452 | Lair:5   | Reached XP level 16. HP: 96/96 MP: 26/29
 24815 | Lair:6   | Entered Level 6 of the Lair of Beasts
 24827 | Lair:6   | Killed from afar by an elephant

Illustrated notes

Levels and vault maps discovered:
D:1:      eino_arrival_tree_alley, layout_loops_ring, serial_bayou_ford_a
D:2:      layout_loops_ring, chequers_ecumenical_altar_simple, minmay_tromino_i2
D:3:      layout_loops_ring, chequers_avenue, uniq_crazy_yiuf_cottage
D:4:      layout_gridville, lemuel_doored_altar
D:5:      layout_cave_pools, gammafunk_ghost_split, tso_altar
D:6:      layout_basic, lemuel_coloured_pillars_altar,
          nicolae_overflow_hidden_temple, kennysheep_slug_shrine,
          minmay_temple_entry_butterflies, serial_shops, kennysheep_mini
D:7:      layout_rooms, okawaru_ov_weapons_minmay
D:8:      layout_basic, kennysheep_another_room, minmay_shop_mass, minivault_23,
          introduction_to_nature_2
D:9:      corexii_shack_village, layout_basic, kennysheep_little_box,
          uniq_psyche, uniq_maggie
D:10:     layout_gridville, nemelex_xobeh_ov_fountains_minmay
D:11:     layout_loops_ring, dpeg_lair_monsters, david_orc_3, elyvilon_altar_3,
          uniq_grum
D:12:     layout_loops_ring, nicolae_trove_entry_free_sample, serial_shops,
          shop, uniq_nessos
D:13:     layout_rooms, portal_ice_cave_entry_imps, minivault_21
D:14:     layout_rooms, david_vaults_1, basic_altar, small_statue_alley_a,
          gauntlet_entry_generic
D:15:     gammafunk_enter_depths_forms, layout_rooms, basic_altar,
          chequers_jeans, kb_tengu_band
Temple:   nicolae_temple_elliptical
Lair:1:   layout_gridlike, st_stairs_9, uniq_urug
Lair:2:   wad_woods_stonehenge, layout_regular_city, ebering_ghost_inner_flame,
          serial_forest, infiniplex_forest_straight_3,
          infiniplex_forest_zigzag_2, infiniplex_forest_clump_long,
          infiniplex_forest_lined_2, infiniplex_forest_straight_4,
          beast_lair_carwin_6, lemuel_fruit_tree
Lair:3:   gammafunk_cloud_chamber, layout_long_grid, shoals_dummy_entry,
          nicolae_volcano_entry_vermiform, gammafunk_lair_bear_cave
Lair:4:   layout_long_grid, dummy_snake_entry, grunt_forest_small_clearings,
          minmay_lair_oklob_chamber, infiniplex_staircase_pool, uniq_sonja
Lair:5:   layout_roguey, minmay_slime_entry_pillars, serial_bayou_shore_a
Lair:6:   gammafunk_lair_ancient_temple, layout_misc_corridors,
          minmay_lair_drake_nest

Skill      XL: |  1  2  3  4  5  6  7  8  9 10 11 12 13 14 15 16 |
---------------+-------------------------------------------------+-----
Earth Magic    | 4 5 6 7 8 9 10 11 12 | 12.6
Spellcasting   | 3 4 5 6 7 8 9 |  9.8
Conjurations   | 5 6 7 8 9 10 11 | 11.4
Fighting       | 2 4 6 7 8 9 |  9.7
Maces & Flails | 1 3 4 5 7 8 9 |  9.0
Armour         | 1 4 6 |  6.0
Dodging        | 2 3 4 5 6 7 |  7.7
Short Blades   | 4 9 10 | 10.0
Evocations     | 3 4 5 6 |  6.9
Fire Magic     | 1 5 7 |  7.7
Stealth        | |  2.1
Transmutations | |  0.7

Action                   |  1- 3 |  4- 6 |  7- 9 | 10-12 | 13-15 | 16-18 || total
-------------------------+-------+-------+-------+-------+-------+-------++-------
Melee: Dagger            |   106 |    53 |   230 |       |       |       ||   389
       Unarmed           |     3 |       |       |       |       |       ||     3
       Rapier            |       |       |   236 |   483 |   175 |       ||   894
       Quarterstaff      |       |       |       |       |   721 |     7 ||   728
       Headbutt          |       |       |       |       |   192 |       ||   192
 Cast: Sandblast         |     1 |    39 |    46 |    16 |    31 |       ||   133
       Lee's Rapid Decon |       |       |     9 |    33 |    94 |       ||   136
       Stone Arrow       |       |       |     1 |     5 |     2 |       ||     8
       Iron Shot         |       |       |       |       |    32 |     6 ||    38
       Bolt of Magma     |       |       |       |       |    18 |       ||    18
 Abil: Fly               |       |       |       |       |     1 |       ||     1
Evoke: Wand              |       |       |       |     5 |    11 |     1 ||    17
       Tin of tremorston |       |       |       |       |     3 |       ||     3
       Condenser vane    |       |       |       |       |     1 |       ||     1
  Use: Scroll            |       |     9 |     8 |     6 |    22 |     1 ||    46
       Potion            |       |     3 |     5 |     3 |     5 |       ||    16
 Stab: Sleeping          |     4 |     5 |     1 |     1 |       |       ||    11
       Distracted        |     1 |       |       |     1 |     2 |       ||     4
Armor: Robe              |    34 |    25 |    12 |       |       |       ||    71
       Leather armour    |       |       |   146 |   112 |   441 |    10 ||   709
Dodge: Dodged            |    69 |    37 |   590 |   384 |  1234 |    19 ||  2333

Table legend: (Time is in decaauts)
 A = Elapsed time spent in this place.
 B = Non-inter-level travel time spent in this place.
 C = Inter-level travel time spent in this place.
 D = Time resting spent in this place.
 E = Time spent auto-exploring this place.
 F = Levels seen in this place.
 G = Mean time per level.
                   A        B        C        D        E       F      G
               +--------+--------+--------+--------+--------+-----+--------+
         Total |  24799 |  24065 |    734 |   3889 |  14388 |  25 |  992.0 |
       Dungeon |  17401 |  16809 |    592 |   2801 |  10039 |  15 | 1160.1 |
        Temple |    138 |    120 |     18 |      0 |    111 |   1 |  138.0 |
          Lair |   4847 |   4723 |    124 |    143 |   3464 |   6 |  807.8 |
      Ice Cave |   1224 |   1224 |      0 |    638 |    310 |   1 | 1224.0 |
       Volcano |    345 |    345 |      0 |     43 |     89 |   1 |  345.0 |
      Gauntlet |    841 |    841 |      0 |    263 |    374 |   1 |  841.0 |
               +--------+--------+--------+--------+--------+-----+--------+

Top non-repeatable levels by time:
    D:10: 1960 daAuts
     D:6: 1573 daAuts
    D:11: 1445 daAuts
    D:15: 1419 daAuts
    D:14: 1258 daAuts
   IceCv: 1224 daAuts
     D:1: 1168 daAuts
     D:5: 1139 daAuts
     D:8: 1137 daAuts
  Lair:5: 1131 daAuts
  Lair:3: 1072 daAuts
    D:12: 1031 daAuts
  Lair:2: 989 daAuts
     D:9: 951 daAuts
     D:4: 939 daAuts
